 Dungeon Crawl Stone Soup version 0.24.1-14-gf8d2b509d9 (webtiles) character file.

Game seed: 7024632219816261354, levelgen mode: deterministic

263 Descartes the Digger (level 6, 0/41 HPs)
             Began as a Formicid Earth Elementalist on May 21, 2020.
             Succumbed to an adder's poison
             ... on level 4 of the Dungeon.
             The game lasted 00:07:57 (3606 turns).

Descartes the Digger (Formicid Earth Elementalist)  Turns: 3606, Time: 00:07:57

Health: 0/41       AC: 11    Str: 14    XL:     6   Next: 43%
Magic:  11/11      EV:  4    Int: 15    God:
Gold:   119        SH:  0    Dex: 11    Spells: 6/12 levels left

rFire    . . .     SeeInvis +   s - +0 mace (protect)
rCold    . . .     Gourm    .   (no shield)
rNeg     . . .     Faith    .   e - +0 plate armour
rPois    .         Spirit   .   (helmet unavailable)
rElec    .         Reflect  .   (no cloak)
rCorr    .         Harm     .   (no gloves)
MR       .....                  (no boots)
Stlth    ..........             l - amulet of magic regeneration
HPRegen  0.13/turn              (no ring)
MPRegen  0.37/turn              (no ring)

@: lethally poisoned (0 -> -4)
A: permanent stasis, dig shafts and tunnels, four strong arms, antennae 3
a: Dig, Shaft Self


You were on level 4 of the Dungeon.
You were not hungry.

You visited 1 branch of the dungeon, and saw 4 of its levels.

You collected 119 gold pieces.

Inventory:

Hand Weapons
 f - a +0 dagger of venom
 s - a +0 mace of protection (weapon)
Missiles
 b - 99 stones (quivered)
 k - 34 arrows
Armour
 c - a +0 robe
 e - a +0 plate armour (worn)
Jewellery
 l - an amulet of magic regeneration (around neck)
Wands
 v - a wand of digging (6)
Scrolls
 a - a scroll of enchant armour {unknown}
 g - 2 scrolls of fear {unknown}
 h - 9 scrolls of identify {unknown}
 n - 2 scrolls of amnesia {unknown}
 o - 2 scrolls of remove curse {unknown}
 r - 2 scrolls of teleportation {unknown}
Potions
 m - a potion of ambrosia {unknown}
 q - a potion of brilliance {unknown}
 t - a potion of heal wounds {unknown}
 u - a potion of invisibility
Comestibles
 d - 8 rations
 j - 9 chunks of flesh


   Skills:
 * Level 4.3 Armour
 - Level 1.7 Dodging
 - Level 2.4 Stealth
 + Level 3.9 Spellcasting
 - Level 1.1 Transmutations
 - Level 5.0 Earth Magic


You had 6 spell levels left.
You knew the following spells:

 Your Spells              Type           Power        Failure   Level  Hunger
a - Sandblast             Erth           ###...       90%         1    None
b - Passwall              Tmut/Erth      ##......     100%        2    ##.....
c - Stone Arrow           Conj/Erth      ##....       100%        3    ###....

Your spell library contained the following spells:

 Spells                   Type           Power        Failure   Level  Hunger
 Petrify                  Tmut/Erth      ##......     100%        4    ####...
 Lee's Rapid Deconstruct  Erth           ###.......   100%        5    ######.


Dungeon Overview and Level Annotations

Branches:
Dungeon (3/15)

Altars:


Innate Abilities, Weirdness & Mutations

You cannot be hasted, slowed, berserked, paralysed or teleported.
You can dig through walls and to a lower floor.
Your four strong arms can wield two-handed weapons with a shield.
You have a pair of large antennae on your head. (SInv)


Message History

You dig through the rock wall.
The adder bites you but does no damage.
You retract your mandibles.
The adder barely misses you.
Items here: )))) [[[ ÷÷÷÷ It was a potion of magic.
Magic courses through your body. The adder bites you but does no damage.
Your plate armour prevents you from hitting the adder.
The adder is heavily wounded.
The adder bites you.
* * * LOW HITPOINT WARNING * * *
The adder bites you but does no damage.
You closely miss the adder.
The adder is heavily wounded.
The adder bites you.
* * * LOW HITPOINT WARNING * * *
You are lethally poisoned!
The adder poisons you! The adder bites you but does no damage.
You miss the adder.
The adder is moderately wounded.
You die...

##.........#.#
#....####.#.########
##..................#
$.......##.#.####.#.#
...>.......#..#..##.#
........####.#.##{#.#
....#o.......###.##.#
....#.######## ##S#o#
....#.# #@##.#
....#.# ####§#
....#.# #####+#


You could see an adder.

Vanquished Creatures
  A hound (D:4)
  3 orc wizards (D:4)
  2 worker ants
  3 adders
  A gnoll (D:2)
  3 worms
  2 dart slugs
  2 leopard geckos
  3 orcs
  A ball python (D:2)
  13 bats
  6 goblins
  2 hobgoblins (D:3)
  11 kobolds
  A frilled lizard (D:2)
  7 rats
61 creatures vanquished.

Notes
Turn   | Place    | Note
-------+----------+-------------------------------------------
     0 | D:1      | Descartes the Formicid Earth Elementalist began the quest
                  | for the Orb.
     0 | D:1      | Reached XP level 1. HP: 13/13 MP: 3/3
   254 | D:1      | Reached XP level 2. HP: 19/19 MP: 3/5
   280 | D:1      | Reached skill level 4 in Earth Magic
   626 | D:1      | Reached XP level 3. HP: 17/24 MP: 7/7
   639 | D:1      | Reached skill level 1 in Armour
  1729 | D:2      | Reached XP level 4. HP: 30/30 MP: 8/8
  2278 | D:2      | Reached XP level 5. HP: 16/35 MP: 9/9
  3076 | D:3      | Learned a level 2 spell: Passwall
  3080 | D:3      | Learned a level 3 spell: Stone Arrow
  3081 | D:3      | You fall into a shaft and drop 1 floor!
  3195 | D:4      | Reached skill level 5 in Earth Magic
  3504 | D:4      | Reached XP level 6. HP: 39/41 MP: 11/11
  3605 | D:4      | HP: 1/41 [adder (3)]
  3606 | D:4      | Succumbed to an adder's poison

Levels and vault maps discovered:
D:1:      onia_arrival_pyramid, layout_basic
D:2:      layout_loops_cross, first_ration, minmay_split_cup_small
D:3:      layout_rooms
D:4:      gammafunk_cloud_chamber, layout_basic, serial_bayou,
          serial_bayou_ford_a, serial_bayou_crossing, serial_bayou_lake_a,
          serial_bayou_pond_c, uniq_menkaure

Skill      XL: |  1  2  3  4  5  6 |
---------------+-------------------+-----
Earth Magic    | 4 5 |  5.0
Armour         | 1 2 3 4 |  4.3
Spellcasting   | 3 |  3.9
Dodging        | |  1.7
Stealth        | |  2.4
Transmutations | |  1.1

Action                   |  1- 3 |  4- 6 || total
-------------------------+-------+-------++-------
Melee: Unarmed           |     5 |       ||     5
       Dagger            |    97 |    24 ||   121
       Mace              |       |   213 ||   213
 Cast: Sandblast         |     4 |       ||     4
 Abil: Dig               |       |     3 ||     3
  Use: Potion            |       |     3 ||     3
 Stab: Sleeping          |     2 |       ||     2
  Eat: Chunk             |     3 |     7 ||    10
Armor: Robe              |     2 |       ||     2
       Plate armour      |    97 |   279 ||   376
Dodge: Dodged            |    15 |    69 ||    84
